 Dungeon Crawl Stone Soup version 0.29.1-12-g30fa7ad0bf (webtiles) character file.

Game seed: 5006690311764419875

858 KittyFluff the Covered (level 8, -8/49 HPs)
             Began as a Gargoyle Berserker on Jan 9, 2023.
             Was a Priest of Trog.
             Mangled by an ogre
             ... wielding a +0 giant spiked club
              (30 damage)
             ... on level 4 of the Dungeon.
             The game lasted 00:21:36 (4979 turns).

KittyFluff the Covered (Gargoyle Berserker)         Turns: 4979, Time: 00:21:37

Health: -8/49      AC: 14    Str: 20    XL:     8   Next: 2%
Magic:  8/8        EV: 12    Int:  9    God:    Trog [***...]
Gold:   146        SH:  5    Dex: 17    Spells: 7/7 levels left

rFire   . . .      SeeInvis .   r - +0 flail
rCold   . . .      Faith    .   (no shield)
rNeg    + . .      Spirit   .   F - +0 ring mail
rPois   ∞          Reflect  +   k - +0 helmet
rElec   +          Harm     .   y - +0 cloak
rCorr   .          Rampage  .   (no gloves)
Will    .....                   (no boots)
Stlth   +.........              H - amulet of reflection
HPRegen 0.16/turn               h - +6 ring of dexterity
MPRegen 0.11/turn               (no ring)

@: no status effects
A: sickness immunity, AC +5, negative energy resistance 1, electricity
resistance, torment resistance 1, petrification resistance
a: Renounce Religion, Berserk, Trog's Hand


You were on level 4 of the Dungeon.
You worshipped Trog.
Trog was most pleased with you.
You visited 1 branch of the dungeon, and saw 5 of its levels.
You also visited: Sewer.

You collected 146 gold pieces.

Inventory:

Hand Weapons
 a - a +0 mace
 b - a +0 hammer of protection
 g - a +0 sling
 r - a +0 flail (weapon)
 B - the +1 morningstar "Puistr Zokhly" {drain, rElec rPois Str+4 Dex-4}
   (You found it on level 3 of the Dungeon)

   A truly terrible weapon, it drains the life of any living foe it strikes.
   Str:       It affects your strength (+4).
   Dex:       It affects your dexterity (-4).
   rElec:     It insulates you from electricity.
   rPois:     It protects you from poison.
Missiles
 c - 36 stones (quivered)
 J - 3 javelins
 K - 6 boomerangs
 M - 2 poisoned darts
 O - 5 atropa-tipped darts
 P - a throwing net
Armour
 f - a +1 hat
 k - a +0 helmet (worn)
 s - a +0 chain mail
 t - a +0 scale mail
 x - a +0 leather armour
 y - a +0 cloak (worn)
 F - a +0 ring mail (worn)
Jewellery
 h - a +6 ring of dexterity (left hand)
 z - a ring of fire
 H - an amulet of reflection (around neck)
Wands
 n - a wand of flame (22)
Scrolls
 d - 3 scrolls of identify {unknown}
 i - 3 scrolls of teleportation {unknown}
 l - a scroll of vulnerability {unknown}
 m - 2 scrolls of noise {unknown}
 p - a scroll of amnesia {unknown}
 u - a scroll of enchant weapon {unknown}
 D - a scroll of enchant armour {unknown}
 E - 3 scrolls of poison {unknown}
 N - a scroll of summoning {unknown}
Potions
 e - 2 potions of heal wounds {unknown}
 j - 2 potions of ambrosia {unknown}
 o - 2 potions of resistance {unknown}
 q - a potion of haste {unknown}
 v - 2 potions of cancellation {unknown}
 w - a potion of berserk rage {unknown}
 A - a potion of degeneration {unknown}
 C - 2 potions of curing {unknown}
 G - a potion of brilliance {unknown}
 I - a potion of might {unknown}
 L - a potion of mutation {unknown}


   Skills:
 + Level 5.3 Fighting
 + Level 4.9 Maces & Flails
 * Level 6.4 Armour
 + Level 3.6 Dodging


You had 7 spell levels left.
You didn't know any spells.
Your spell library was empty.

Dungeon Overview and Level Annotations

Branches:
Dungeon (5/15)              Sewer (visited)
 Temple: D:4-7

Altars:
Dithmenos


Innate Abilities, Weirdness & Mutations

You are immune to sickness and miasma.
Your stone body is resilient. (AC +5)
You are immune to poison.
You resist negative energy. (rN+)
You are resistant to electric shocks. (rElec)
You are resistant to unholy torment.
You are immune to petrification.


Message History

There is a stone staircase leading up here.
You hit the adder.
The adder is moderately wounded.
You block the adder's attack. The adder bites you but does no damage.
You barely miss the adder.
The adder is moderately wounded.
The adder bites you but does no damage. The orc hits you but does no damage.
You sock the adder!
You kill the adder!
Trog accepts your kill.
The orc hits you from afar with a +0 trident.
You hit the orc but do no damage. The orc hits you but does no damage. x2
You thump the orc!
You kill the orc!
Trog accepts your kill.
The orc hits you from afar with a +0 trident. x2
The orc hits you but does no damage. The orc barely misses you.
Things that are here:
a +0 whip; a +0 leather armour; an orc corpse You sock the orc!
You kill the orc!
Trog accepts your kill. The ogre attacks as you move away!
The ogre closely misses you.
There is a stone staircase leading up here.
You climb upwards.
There is a stone staircase leading down here.
You start resting.
HP restored.
You climb downwards.
The ogre hits you with a +0 giant spiked club!
There is a stone staircase leading up here.
The ogre hits you with a +0 giant spiked club!!
You climb upwards.
There is a stone staircase leading down here.
You sock the ogre!
The ogre is moderately wounded.
The ogre hits you with a +0 giant spiked club!!
Ouch! That really hurt!
You die...

~######### #.#
#.......##.##=# ##
#.####.......##.##.#
#
#............##....#
#.####.##.##.####..#
#.####.##..........#
#....#.#####.......#
##### #.##.#.#
#####..## ....#
#.##O#.#########..#
###.######
#...@.............###
.........#
#########............
.##.####.#
#.########.)# .##.#
#÷# #.# #..# ....#
#.# ##.## #..# #####
#.# #...# #..#
#.######## #...# #...
#.#.. ..# #...# #...
#### #.#.# #.#
#...##########


You could see an ogre.

Vanquished Creatures
  Sigmund (D:3)
  A water moccasin (Sewer)
  2 ogres (D:4)
  Crazy Yiuf (D:2)
  A jelly (D:5)
  Jessica (D:1)
  4 iguanas
  Terence (D:2)
  Robin (D:2)
  6 adders
  A shadow imp (D:4)
  2 worms
  A dart slug (D:1)
  14 orcs
  3 endoplasms
  9 giant cockroaches
  11 goblins (D:1)
  6 hobgoblins
  6 jackals
  8 kobolds
  8 quokkas
  9 ball pythons
  5 bats
  3 frilled lizards
  3 rats
108 creatures vanquished.

Notes
Turn   | Place    | Note
-------+----------+-------------------------------------------
     0 | D:1      | KittyFluff the Gargoyle Berserker began the quest for the
                  | Orb.
     0 | D:1      | Reached XP level 1. HP: 14/14 MP: 1/1
   317 | D:1      | Reached XP level 2. HP: 17/19 MP: 2/2
   581 | D:2      | Found a faded altar of an unknown god.
   586 | D:2      | Noticed Jessica
   817 | D:1      | Reached XP level 3. HP: 23/23 MP: 3/3
   825 | D:2      | Noticed Robin
   832 | D:1      | Reached skill level 3 in Armour
   849 | D:1      | Killed Jessica
  1083 | D:1      | Reached XP level 4. HP: 19/29 MP: 4/4
  1201 | D:2      | Killed Robin
  1201 | D:2      | Reached ** piety under Trog
  1416 | D:2      | Found a shadowy altar of Dithmenos.
  1511 | D:2      | Noticed Terence
  1522 | D:2      | Killed Terence
  1764 | D:2      | Reached XP level 5. HP: 28/33 MP: 5/5
  2122 | D:2      | Found a runed translucent door.
  2123 | D:2      | Noticed Crazy Yiuf
  2132 | D:2      | Killed Crazy Yiuf
  2133 | D:2      | Reached skill level 4 in Armour
  2594 | D:3      | Identified the +1 morningstar "Puistr Zokhly" {drain, rElec
                  | rPois Str+4 Dex-4}
  2595 | D:3      | Noticed Sigmund
  2632 | D:3      | Killed Sigmund
  2633 | D:3      | Reached skill level 5 in Armour
  2633 | D:3      | Reached XP level 6. HP: 13/39 MP: 6/6
  3644 | D:4      | Reached XP level 7. HP: 17/44 MP: 7/7
  3904 | D:4      | Found a glowing drain.
  3924 | D:4      | Reached *** piety under Trog
  3934 | Sewer    | Entered a sewer
  4179 | D:4      | Reached skill level 5 in Fighting
  4179 | D:4      | Reached skill level 6 in Armour
  4858 | D:5      | Entered Level 5 of the Dungeon
  4864 | D:5      | Reached XP level 8. HP: 43/49 MP: 8/8
  4979 | D:4      | Mangled by an ogre

Illustrated notes

Levels and vault maps discovered:
D:1:      reono_arrival_forest_river, layout_loops_cross
D:2:      layout_loops_ring, basic_altar, nicolae_ecumenical_pavilion,
          uniq_robin, uniq_crazy_yiuf_cottage, uniq_terence, uniq_jessica
D:3:      minmay_general_purpose_star, layout_basic, uniq_sigmund
D:4:      layout_loops_cross, gup_sewer_entry_pipe
D:5:      layout_rooms, minmay_manual_moon

Skill      XL: |  1  2  3  4  5  6  7 |
---------------+----------------------+-----
Armour         | 3 5 6 |  6.4
Dodging        | 2 3 |  3.6
Fighting       | 4 5 |  5.3
Maces & Flails | 4 |  4.9

Action                   |  1- 3 |  4- 6 |  7- 9 || total
-------------------------+-------+-------+-------++-------
Melee: Mace              |    73 |   180 |    48 ||   301
       Punch             |     1 |     4 |     6 ||    11
       Flail             |       |    27 |    86 ||   113
 Fire: Sling             |       |     3 |     1 ||     4
Throw: Stone             |     1 |       |     1 ||     2
Invok: Berserk           |       |     3 |     1 ||     4
 Stab: Sleeping          |     1 |     2 |       ||     3
Armor: Animal skin       |    54 |    11 |       ||    65
       Leather armour    |       |    84 |    38 ||   122
       Ring mail         |       |       |     6 ||     6
Dodge: Dodged            |    84 |   161 |   102 ||   347
Block: Other             |       |     3 |    33 ||    36
